 Dungeon Crawl Stone Soup version 0.27-a0-109-g416527ed24 (webtiles) character file.

Game seed: 10877080338689487658

385 Phuph the Firebug (level 6, -11/32 HPs)
             Began as a Deep Elf Fire Elementalist on Jan 24, 2021.
             Mangled by an ice beast (13 damage)
             ... on level 5 of the Dungeon.
             The game lasted 00:15:35 (4269 turns).

Phuph the Firebug (Deep Elf Fire Elementalist)      Turns: 4269, Time: 00:15:35

Health: -11/32     AC:  3    Str:  5    XL:     6   Next: 48%
Magic:  4/12       EV: 13    Int: 22    God:
Gold:   202        SH:  0    Dex: 15    Spells: 2/11 levels left

rFire    + . .     SeeInvis .   B - +4 whip "Yhengeoh" {holy, +Inv rF+ Will+}
rCold    . . .     Faith    .   (no shield)
rNeg     . . .     Spirit   .   a - +0 robe
rPois    .         Reflect  .   (no helmet)
rElec    .         Harm     .   (no cloak)
rCorr    .         Rampage  .   z - +0 pair of gloves
Will     +....                  (no boots)
Stlth    ++........             (no amulet)
HPRegen  0.10/turn              o - ring of flight
MPRegen  0.13/turn              (no ring)

@: no status effects
A: no striking features
a: Evoke Invisibility, Evoke Flight


You were on level 5 of the Dungeon.
You visited 1 branch of the dungeon, and saw 5 of its levels.

You collected 202 gold pieces.

Inventory:

Hand Weapons
 B - the +4 whip "Yhengeoh" (weapon) {holy, +Inv rF+ Will+}
   (You found it on level 4 of the Dungeon)

   It has been blessed by the Shining One to cause great damage to the undead
   and demons.
   It protects you from fire.
   It affects your willpower, your defense against some magical effects.
   It lets you turn invisible.
Missiles
 b - 23 sling bullets
 h - 62 stones (quivered)
 i - 102 arrows
 j - 2 throwing nets
 n - 15 poisoned darts
 r - 17 bolts
 u - 4 curare-tipped darts
Armour
 a - a +0 robe (worn)
 z - a +0 pair of gloves (worn)
Jewellery
 e - an uncursed amulet of magic regeneration {unknown}
 o - a ring of flight (left hand)
Wands
 A - a wand of flame (12)
Scrolls
 d - a scroll of magic mapping {unknown}
 f - 5 scrolls of identify {unknown}
 g - 2 scrolls of immolation {unknown}
 k - a scroll of enchant armour {unknown}
 l - 2 scrolls of teleportation {unknown}
 q - a scroll of enchant weapon {unknown}
 w - 4 scrolls of remove curse {unknown}
 x - a scroll of blinking {unknown}
 y - a scroll of amnesia {unknown}
Potions
 m - a potion of attraction {unknown}
 p - 3 potions of brilliance {unknown}
 s - a potion of ambrosia {unknown}
 t - 4 potions of curing {unknown}
 v - a potion of heal wounds {unknown}


   Skills:
 - Level 2.4 Dodging
 - Level 2.4 Stealth
 - Level 3.0 Spellcasting
 + Level 5.6 Conjurations
 + Level 5.8 Fire Magic


You had 2 spell levels left.
You knew the following spells:

 Your Spells              Type           Power        Failure   Level
a - Animate Skeleton      Necr           6%           12%         1
c - Conjure Flame         Conj/Fire      28%          3%          3
s - Sticky Flame          Conj/Fire      28%          12%         4
z - Foxfire               Conj/Fire      100%         1%          1

Your spell library contained the following spells:

 Spells                   Type           Power        Failure   Level
 Apportation              Tloc           6%           12%         1
 Corona                   Hex            3%           12%         1
 Summon Small Mammal      Summ           12%          12%         1
 Inner Flame              Hex/Fire       16%          12%         3
 Fireball                 Conj/Fire      14%          32%         5


Dungeon Overview and Level Annotations

Branches:
Dungeon (5/15)
 Temple: D:4-7

Altars:
Gozag
Zin

Annotations:
D:4 exclusion: ogre, Dowan, Duvessa, Menkaure


Message History

Casting: Foxfire (safe; 1% risk of failure)
Confirm with . or Enter, or press ? or * to list all spells.
You conjure some foxfire!
The foxfire hits the ice beast but does no damage.
The ice beast is almost dead.
The foxfire hits the ice beast.
The ice beast is almost dead.
The ice beast hits you but does no damage.
Casting: Foxfire (safe; 1% risk of failure)
Confirm with . or Enter, or press ? or * to list all spells.
You conjure some foxfire!
The foxfire hits the ice beast!
The ice beast melts!
The ice beast is moderately wounded.
The foxfire hits the ice beast but does no damage.
The ice beast is almost dead.
The foxfire hits the ice beast.
The ice beast melts!
The ice beast is moderately wounded.
The ice beast hits you.
* * * LOW HITPOINT WARNING * * *
The ice beast freezes you!
You die...

#....##.
#....(.
#.....
#....#
#....####
#.?......
#Y†......
#@Y......
#v...##..
#....#
.......
.........
......##..
......# .
........


You could see 2 ice beasts.

Vanquished Creatures
  A centaur (D:3)
  A scorpion (D:4)
  A hound (D:4)
  An iguana (D:4)
  3 worker ants (D:4)
  5 adders
  An ooze (D:4)
  A worm (D:2)
  2 dart slugs
  2 leopard geckos
  3 orcs
  10 bats
  2 giant cockroaches
  9 goblins
  13 hobgoblins
  4 jackals (D:3)
  2 quokkas
  A ball python (D:3)
  3 frilled lizards
  3 kobolds
  8 rats
76 creatures vanquished.

Vanquished Creatures (others)
  282 foxfires
282 creatures vanquished.

Grand Total: 358 creatures vanquished

Notes
Turn   | Place    | Note
-------+----------+-------------------------------------------
     0 | D:1      | Phuph the Deep Elf Fire Elementalist began the quest for
                  | the Orb.
     0 | D:1      | Reached XP level 1. HP: 10/10 MP: 6/6
   494 | D:1      | Reached XP level 2. HP: 15/15 MP: 5/8
  1064 | D:2      | Reached XP level 3. HP: 19/19 MP: 5/9
  1069 | D:2      | Learned a level 3 spell: Conjure Flame
  1660 | D:2      | Found a glowing silver altar of Zin.
  2354 | D:3      | Reached XP level 4. HP: 24/24 MP: 6/10
  2359 | D:3      | Learned a level 4 spell: Sticky Flame
  2986 | D:3      | Noticed a centaur
  2995 | D:3      | Killed a centaur
  2996 | D:3      | Reached XP level 5. HP: 22/28 MP: 2/11
  3186 | D:4      | Noticed Menkaure
  3186 | D:4      | Noticed Duvessa
  3186 | D:4      | Noticed Dowan
  3253 | D:4      | Reached skill level 5 in Fire Magic
  3480 | D:4      | Noticed an ogre
  3495 | D:4      | Reached skill level 5 in Conjurations
  3555 | D:4      | Got a pitted whip
  3559 | D:4      | Identified the +4 whip "Yhengeoh" {holy, +Inv rF+ Will+}
                  | (You found it on level 4 of the Dungeon)
  3619 | D:3      | Learned a level 1 spell: Animate Skeleton
  3774 | D:4      | Reached XP level 6. HP: 32/32 MP: 7/12
  3918 | D:4      | Found an opulent altar of Gozag.
  4227 | D:5      | Entered Level 5 of the Dungeon
  4227 | D:5      | Noticed an ice beast
  4227 | D:5      | Noticed an ice beast
  4269 | D:5      | Mangled by an ice beast

Illustrated notes

Levels and vault maps discovered:
D:1:      heliophobic_arrival_ceremonial_halls, layout_basic,
          minmay_misc_feat_doors, minmay_misc_feat_plants
D:2:      layout_basic, zin_statuary, kennysheep_generic_room_14
D:3:      layout_loops_ring
D:4:      cheibrodos_helix_gallery, layout_cave_pools, general_overflow_altar,
          uniq_menkaure, uniq_crazy_yiuf_cottage, uniq_duvessa
D:5:      layout_gridville, lemuel_doored_altar, kennysheep_generic_room_13

Skill      XL: |  1  2  3  4  5 |
---------------+----------------+-----
Conjurations   | 2 3 4 5 |  5.6
Fire Magic     | 4 5 |  5.8
Dodging        | |  2.4
Stealth        | |  2.4
Spellcasting   | |  3.0

Action                   |  1- 3 |  4- 6 || total
-------------------------+-------+-------++-------
Melee: Dagger            |     7 |     7 ||    14
Throw: Stone             |     2 |     1 ||     3
 Cast: Foxfire           |    79 |    94 ||   173
       Conjure Flame     |     1 |       ||     1
 Stab: Sleeping          |     3 |       ||     3
Armor: Robe              |     3 |     5 ||     8
Dodge: Dodged            |    19 |    32 ||    51

Table legend: (Time is in decaauts)
 A = Elapsed time spent in this place.
 B = Non-inter-level travel time spent in this place.
 C = Inter-level travel time spent in this place.
 D = Time resting spent in this place.
 E = Time spent auto-exploring this place.
 F = Levels seen in this place.
 G = Mean time per level.
                   A        B        C        D        E       F      G
               +--------+--------+--------+--------+--------+-----+--------+
         Total |   4271 |   4110 |    161 |    647 |   2725 |   5 |  854.2 |
       Dungeon |   4271 |   4110 |    161 |    647 |   2725 |   5 |  854.2 |
               +--------+--------+--------+--------+--------+-----+--------+

Top non-repeatable levels by time:
     D:2: 1293 daAuts
     D:3: 1125 daAuts
     D:1: 984 daAuts
     D:4: 856 daAuts
     D:5: 11 daAuts
